 Dungeon Crawl Stone Soup version 0.28.0-43-g3370ac3207 (webtiles) character file.

Game seed: 407470815961553399

12250 terff the Cleaver (level 11, -7/87 HPs)
             Began as a Demonspawn Gladiator on Mar 19, 2022.
             Was a High Priest of Jiyva.
             Killed by divine providence
             ... invoked by a meliai
              (16 damage)
             ... on level 1 of the Spider Nest.
             The game lasted 00:42:44 (10650 turns).

terff the Cleaver (Demonspawn Gladiator)           Turns: 10650, Time: 00:42:45

Health: -7/87      AC: 10    Str: 15    XL:     11   Next: 60%
Magic:  7/11       EV: 16    Int: 12    God:    Jiyva [*****.]
Gold:   422        SH:  0    Dex: 18    Spells: 10/10 levels left

rFire   . . .      SeeInvis .   m - +1 glaive (drain)
rCold   + + .      Faith    .   (shield currently unavailable)
rNeg    + . .      Spirit   .   B - +0 acid dragon scales
rPois   .          Reflect  .   c - +1 helmet
rElec   +          Harm     .   (no cloak)
rCorr   +          Rampage  .   (gloves unavailable)
Will    ++...                   (boots unavailable)
Stlth   +++.......              (no amulet)
HPRegen 1.68/turn               e - ring of positive energy
MPRegen 0.57/turn               k - ring "Bisuudy" {rElec rCorr}

@: slimy, calling ooze
A: claws 3, ignite blood 2, powered by death 1, big brain 1, hooves 3,
camouflage 1, cold resistance 2, strong-willed 2, mutation resistance 2, acidic
bite, tendrils, jelly sensing items, jelly absorbing missiles
a: Renounce Religion, Oozemancy, Slimify


You were on level 1 of the Spider Nest.
You worshipped Jiyva.
Jiyva was extremely pleased with you.
You visited 3 branches of the dungeon, and saw 14 of its levels.
You also visited: Ossuary.

You collected 422 gold pieces.

Inventory:

Hand Weapons
 a - a +0 war axe
 m - a +1 glaive of draining (weapon)
 n - a +0 scythe
 D - a +3 falchion
Missiles
 d - 3 throwing nets (quivered)
Armour
 c - a +1 helmet (worn)
 i - a +0 ring mail
 B - +0 acid dragon scales (worn)
 G - the +1 robe "Wefusky" {rN+ Dex+5}
   (You found it on level 1 of the Lair of Beasts)

   Dex:       It affects your dexterity (+5).
   rN:        It protects you from negative energy.
Jewellery
 e - a ring of positive energy (left claw)
 k - the ring "Bisuudy" (right claw) {rElec rCorr}
   (You found it on level 2 of the Dungeon)

   [ring of resist corrosion]

   rElec:     It insulates you from electricity.
   rCorr:     It protects you from acid and corrosion.
 C - a ring of resist corrosion
 F - a ring of resist corrosion
Wands
 l - a wand of paralysis (15)
 q - a wand of flame (21)
Scrolls
 b - 2 scrolls of identify
 f - a scroll of holy word
 o - a scroll of noise
 r - a scroll of fog
 s - a scroll of summoning {unknown}
 t - 5 scrolls of amnesia
 w - a scroll of vulnerability
 x - 3 scrolls of enchant armour
 y - a scroll of fear
 H - a scroll of magic mapping {unknown}
 I - a scroll of acquirement {unknown}
Potions
 g - 5 potions of might
 h - 2 potions of lignification
 j - 2 potions of mutation
 u - 3 potions of attraction
 v - 2 potions of magic
 A - a potion of resistance {unknown}
 K - a potion of flight {unknown}
Miscellaneous
 p - a phial of floods


   Skills:
 + Level 8.4 Fighting
 + Level 8.5(9.9) Axes
 + Level 7.8(9.5) Polearms
 + Level 1.8 Throwing
 + Level 6.5 Armour
 + Level 7.8 Dodging
 + Level 4.1 Stealth


You had 10 spell levels left.
You didn't know any spells.
Your spell library contained the following spells:

 Spells                   Type           Power      Damage    Failure   Level
 Beastly Appendage        Tmut           0%         N/A       41%         1
 Sandblast                Erth           0%         2d4       41%         1
 Corpse Rot               Necr/Air       0%         N/A       54%         2
 Passwall                 Tmut/Erth      0%         N/A       54%         2
 Poisonous Vapours        Pois/Air       0%         N/A       54%         2
 Wereblood                Tmut           0%         N/A       54%         2
 Frozen Ramparts          Ice            0%         1d2       78%         3
 Spider Form              Tmut/Pois      0%         N/A       78%         3
 Stone Arrow              Conj/Erth      0%         3d7       78%         3
 Cause Fear               Hex            0%         N/A       99%         4
 Ice Form                 Ice/Tmut       0%         N/A       99%         4
 Summon Ice Beast         Ice/Summ       0%         N/A       99%         4
 Dragon Form              Tmut           0%         N/A       100%        7
 Dragon's Call            Summ           0%         N/A       100%        9


Dungeon Overview and Level Annotations

Branches:
Dungeon (10/15)            Temple (0/1) D:4            Lair (3/6) D:10
 Spider (1/4) Lair:3      Ossuary (visited)
  Swamp: Lair:2-4    Shoals: Lair:2-4       Orc: D:9-12

Altars:
Cheibriados
Kikubaaqudgha
Qazlal
Ru
Trog
Xom
Zin
The Shining One
Jiyva

Shops:
D:8 (

Annotations:
Lair:3 exclusion: oklob plant
Spider:1 2 transporters


Innate Abilities, Weirdness & Mutations

You have claws for hands.
Your demonic aura often causes spilled blood to erupt in flames.
You regenerate a little health from kills.
You have an unusually large brain. (Int +2)
You have hooves in place of feet.
Your skin changes colour to match your surroundings (Stealth+).
Your flesh is very cold resistant. (rC++)
You are highly strong-willed. (Will++)
You are somewhat resistant to both further mutation and mutation removal.
You have acidic saliva.
You are covered in slimy tendrils that may disarm your opponents.
You have a small jelly attached to you that senses nearby items.
You have a small jelly attached to you that may absorb projectiles.


Message History

The jumping spider bites you but does no damage.
The tarantella touches you.
You struggle to detach yourself from the web.
You feel less confused.
A meliai comes into view. It is wielding a +0 hand axe.
The walls burn the demonic crawler!
The jumping spider pounces on you but does no damage.
The jumping spider bites you but does no damage.
The tarantella touches you!
You are confused.
The web tears apart.
You feel less confused.
The jumping spider leaps!
The demonic crawler is engulfed in blazing flames.
The wall burns the demonic crawler!
The demonic crawler hits you but does no damage.
The demonic crawler hits you!
* * * LOW HITPOINT WARNING * * *
The demonic crawler barely misses you. The tarantella closely misses you.
The tarantella touches you.
* * * LOW HITPOINT WARNING * * *
The demonic crawler is engulfed in blazing flames.
The wall burns the demonic crawler!
The demonic crawler closely misses you. The demonic crawler hits you!
* * * LOW HITPOINT WARNING * * *
The demonic crawler hits you.
* * * LOW HITPOINT WARNING * * *
The meliai buzzes angrily.
The jumping spider leaps!
The demonic crawler is engulfed in blazing flames.
The wall burns the demonic crawler!
The demonic crawler completely misses you.
The demonic crawler hits you.
* * * LOW HITPOINT WARNING * * *
The demonic crawler completely misses you.
A thick mucus forms on your +1 glaive of draining.
The walls burn the meliai!
The meliai invokes the aid of its god against you.
Something smites you!
You die...

##### ..#.# ### ....# ###^### ##
....# #....^###.# ...####
#.........### ...##.###
#........#..#
.^#.....#####.....#....#
.....#......s.....##..#### ####
................@#.#..#..# ##.##
...............s°sy......####....
.(#.##J.........°.........##.....
....#.............J..............
..........^......>.........[.###.
.#.............................##
..............................##.
.............................^.#.
.................................


You could see a demonic crawler, a jumping spider, a tarantella, a meliai and a
neutral jelly (wandering)(fellow slime).

Vanquished Creatures
  A hydra (Lair:3)
  A two-headed ogre (D:8)
  A wolf spider (Spider:1)
  A moth of wrath (Spider:1)
  A black mamba (Lair:1)
  A cane toad (Lair:1)
  A demonic crawler (Spider:1)
  2 komodo dragons
  Prince Ribbit (D:9)
  A tarantella (Spider:1)
  A meliai (Spider:1)
  2 hornets
  A jumping spider (Spider:1)
  A spriggan (D:9)
  A wyvern (D:8)
  Sigmund (D:3)
  14 yaks (D:9)
  2 redbacks
  A steam dragon (D:10)
  9 water moccasins
  3 black bears
  2 orc warriors
  An ice beast (D:8)
  A necrophage (D:5)
  2 centaurs (D:7)
  5 wolves (Lair:2)
  A phantom (D:4)
  8 bullfrogs
  A wyvern zombie (D:8)
  A jelly (D:7)
  10 killer bees
  An electric eel (D:8)
  4 howler monkeys
  A hound (D:4)
  5 orc priests
  A bullfrog skeleton (D:5)
  A gnoll shaman (D:6)
  2 centaur skeletons
  Ijyb (D:3)
  7 orc wizards
  5 iguanas
  11 mummies (Ossuary)
  A howler monkey zombie (D:9)
  4 gnolls
  3 adders
  3 white imps
  An ufetubus (D:4)
  2 adder skeletons
  4 worms
  5 dart slugs
  22 orcs
  3 giant cockroaches
  6 goblins
  2 hobgoblins
  3 kobolds
  2 quokkas
  3 ball pythons
  3 bats
  4 frilled lizards
  3 goblin skeletons (Ossuary)
  3 kobold skeletons (Ossuary)
  2 orc skeletons (Ossuary)
  4 rats
  11 rat skeletons (Ossuary)
212 creatures vanquished.

Vanquished Creatures (collateral kills)
  A boulder beetle (D:7)
  Maggie (D:7)
  2 orc warriors
  2 mummies (Ossuary)
6 creatures vanquished.

Vanquished Creatures (others)
  A komodo dragon (Lair:1)
  A meliai (Spider:1)
  A slime creature (Spider:1)
  A tarantella (Spider:1)
  4 yaks
  3 water moccasins (Lair:1)
  A bullfrog (Lair:3)
  4 wights (D:7)
  A howler monkey (D:10)
  2 electric eels (Lair:3)
  48 jellies
  A hound (D:7)
  A centaur skeleton (D:5)
  2 iguanas
  An orc wizard (D:7)
  A howler monkey zombie (D:10)
  2 gnolls (D:7)
  A howler monkey skeleton (D:7)
  An ufetubus (D:7)
  4 orcs
  A quokka (D:2)
  A ball python (D:1)
  A kobold (D:4)
  2 rats (D:2)
  39 fungi
  39 plants
164 creatures vanquished.

Grand Total: 382 creatures vanquished

Notes
Turn   | Place    | Note
-------+----------+-------------------------------------------
     0 | D:1      | terff the Demonspawn Gladiator began the quest for the Orb.
     0 | D:1      | Reached XP level 1. HP: 16/16 MP: 1/1
   120 | D:1      | Found a faded altar of an unknown god.
   155 | D:1      | Prayed at the altar of an unknown god.
   155 | D:1      | Became a worshipper of Jiyva Jiozy the Shapeless
   155 | D:1      | Reached * piety under Jiyva
   235 | D:1      | Gained mutation: Your demonic aura sometimes causes spilled
                  | blood to erupt in flames. [demonic ancestry]
   235 | D:1      | Reached XP level 2. HP: 22/22 MP: 2/2
   658 | D:1      | Reached ** piety under Jiyva
   973 | D:2      | Identified the ring "Bisuudy" {rElec rCorr}
  1141 | D:2      | Reached *** piety under Jiyva
  1596 | D:3      | Noticed Ijyb
  1602 | D:3      | Paralysed by Ijyb for 3 turns
  1609 | D:3      | Paralysed by Ijyb for 5 turns
  1615 | D:3      | Killed Ijyb
  1616 | D:3      | Gained mutation: You regenerate a little health from kills.
                  | [demonic ancestry]
  1616 | D:3      | Reached XP level 3. HP: 13/27 MP: 3/3
  1705 | D:3      | Noticed Sigmund
  1744 | D:3      | Killed Sigmund
  1745 | D:3      | Reached skill level 1 in Stealth
  1745 | D:3      | Gained mutation: You have sharp fingernails. [demonic
                  | ancestry]
  1745 | D:3      | Reached XP level 4. HP: 34/34 MP: 4/4
  1745 | D:3      | Reached XP level 5. HP: 39/39 MP: 5/5
  1761 | D:3      | Gained mutation: You are somewhat resistant to further
                  | mutation. [Jiyva's grace]
  1761 | D:3      | Gained mutation: You are somewhat resistant to both further
                  | mutation and mutation removal. [Jiyva's grace]
  1761 | D:3      | Gained mutation: You are almost entirely resistant to
                  | further mutation and mutation removal. [Jiyva's grace]
  1761 | D:3      | Gained mutation: Your system is resistant to poisons.
                  | (rPois) [Jiyva's grace]
  2294 | D:4      | Reached **** piety under Jiyva
  2324 | D:4      | Noticed a phantom
  2335 | D:4      | Killed a phantom
  2336 | D:4      | Reached XP level 6. HP: 44/47 MP: 6/6
  2548 | D:4      | Found a staircase to the Ecumenical Temple.
  2595 | D:4      | Reached ***** piety under Jiyva
  2662 | D:4      | Found a snail-covered altar of Cheibriados.
  3050 | D:5      | Entered Level 5 of the Dungeon
  3098 | D:5      | Found a sand-covered staircase.
  3108 | Ossuary  | Entered an ossuary
  3165 | Ossuary  | Reached skill level 5 in Axes
  3250 | Ossuary  | Gained mutation: You have an unusually large brain. (Int
                  | +2) [demonic ancestry]
  3250 | Ossuary  | Reached XP level 7. HP: 47/52 MP: 7/7
  3444 | Ossuary  | Lost mutation: You are almost entirely resistant to further
                  | mutation and mutation removal. [Jiyva's grace]
  3444 | Ossuary  | Lost mutation: Your system is resistant to poisons. (rPois)
                  | [Jiyva's grace]
  3444 | Ossuary  | Gained mutation: Your muscles are strong. (Str +2) [Jiyva's
                  | grace]
  3444 | Ossuary  | Gained mutation: Your muscles are very strong. (Str +4)
                  | [Jiyva's grace]
  3444 | Ossuary  | Gained mutation: You expend magic power (3 MP) to
                  | strengthen your wands. [Jiyva's grace]
  3444 | Ossuary  | Gained mutation: You have a small jelly attached to you
                  | that may absorb projectiles. [Jiyva's grace]
  4624 | D:6      | Gained mutation: You have very sharp fingernails. [demonic
                  | ancestry]
  4624 | D:6      | Reached XP level 8. HP: 36/61 MP: 8/8
  4641 | D:6      | Found a bloodstained altar of Trog.
  5494 | D:7      | Noticed a boulder beetle
  5501 | D:7      | Killed a boulder beetle
  5502 | D:7      | Reached skill level 5 in Fighting
  5570 | D:7      | Noticed Maggie
  5582 | D:7      | Killed Maggie
  5583 | D:7      | Reached XP level 9. HP: 32/69 MP: 5/9
  5620 | D:7      | Reached skill level 5 in Dodging
  5794 | D:7      | Gained mutation: Your flesh is cold resistant. (rC+)
                  | [Jiyva's grace]
  5794 | D:7      | Gained mutation: Your flesh is very cold resistant. (rC++)
                  | [Jiyva's grace]
  5794 | D:7      | Gained mutation: Your flesh is almost immune to the effects
                  | of cold. (rC+++) [Jiyva's grace]
  5794 | D:7      | Gained mutation: Your skin changes colour to match your
                  | surroundings (Stealth+). [Jiyva's grace]
  5797 | D:7      | Found a shimmering altar of Xom.
  5799 | D:7      | Found a stormy altar of Qazlal.
  6399 | D:8      | Reached ****** piety under Jiyva
  6438 | D:8      | Found an ancient bone altar of Kikubaaqudgha.
  6630 | D:8      | Found a sacrificial altar of Ru.
  6733 | D:8      | Reached skill level 5 in Armour
  6768 | D:8      | Reached skill level 1 in Polearms
  6884 | D:8      | Found a sacrificial altar of Ru.
  6936 | D:8      | Noticed a two-headed ogre
  6952 | D:8      | Killed a two-headed ogre
  7089 | D:8      | Found Gulit's Weapon Shoppe.
  7208 | D:9      | Gained mutation: You have claws for hands. [demonic
                  | ancestry]
  7208 | D:9      | Reached XP level 10. HP: 29/77 MP: 8/10
  7260 | D:9      | Paralysed by a hornet for 1 turns
  7264 | D:9      | Paralysed by a hornet for 1 turns
  7472 | D:9      | Noticed Prince Ribbit
  7495 | D:9      | Killed Prince Ribbit
  7729 | D:9      | Reached skill level 5 in Polearms
  7847 | D:10     | Entered Level 10 of the Dungeon
  7946 | D:10     | Lost mutation: Your flesh is almost immune to the effects
                  | of cold. (rC+++) [Jiyva's grace]
  7946 | D:10     | Lost mutation: You expend magic power (3 MP) to strengthen
                  | your wands. [Jiyva's grace]
  7946 | D:10     | Gained mutation: You have a small jelly attached to you
                  | that senses nearby items. [Jiyva's grace]
  7946 | D:10     | Gained mutation: You are covered in slimy tendrils that may
                  | disarm your opponents. [Jiyva's grace]
  7946 | D:10     | Gained mutation: You are strong-willed. (Will+) [Jiyva's
                  | grace]
  7946 | D:10     | Gained mutation: You are highly strong-willed. (Will++)
                  | [Jiyva's grace]
  8190 | D:10     | Found a staircase to the Lair.
  8200 | Lair:1   | Entered Level 1 of the Lair of Beasts
  8212 | Lair:1   | Identified the +1 robe "Wefusky" {rN+ Dex+5}
  8330 | Lair:1   | Gained mutation: Your demonic aura often causes spilled
                  | blood to erupt in flames. [demonic ancestry]
  8330 | Lair:1   | Reached XP level 11. HP: 84/84 MP: 11/11
  9526 | Lair:2   | Lost mutation: Your muscles are very strong. (Str +4)
                  | [Jiyva's grace]
  9526 | Lair:2   | Lost mutation: Your muscles are strong. (Str +2) [Jiyva's
                  | grace]
  9526 | Lair:2   | Gained mutation: You have acidic saliva. [Jiyva's grace]
  9526 | Lair:2   | Gained mutation: You have large cloven feet. [Jiyva's
                  | grace]
  9526 | Lair:2   | Gained mutation: You have hoof-like feet. [Jiyva's grace]
  9526 | Lair:2   | Gained mutation: You have hooves in place of feet. [Jiyva's
                  | grace]
 10012 | Lair:3   | Noticed an oklob plant
 10266 | Lair:3   | Identified the +3 quarterstaff "Killer Klown's Foe" {venom,
                  | Int+3 Dex+4}
 10382 | Lair:3   | Noticed a four-headed hydra
 10389 | Lair:3   | Killed a five-headed hydra
 10423 | Lair:3   | Found a hole to the Spider Nest.
 10437 | Spider:1 | Entered Level 1 of the Spider Nest
 10437 | Spider:1 | Noticed a boulder beetle
 10437 | Spider:1 | Noticed a boulder beetle
 10437 | Spider:1 | Noticed a boulder beetle
 10437 | Spider:1 | Found a transporter.
 10437 | Spider:1 | Found a transporter.
 10472 | Spider:1 | Noticed a wolf spider
 10482 | Spider:1 | Killed a wolf spider
 10482 | Spider:1 | HP: 2/86 [demonic crawler (6)]
 10550 | Spider:1 | Noticed a broodmother
 10563 | Spider:1 | Noticed a wolf spider
 10563 | Spider:1 | Noticed an orb spider
 10569 | Spider:1 | Slimified a broodmother
 10569 | Spider:1 | a broodmother changed into a slime creature
 10650 | Spider:1 | Killed from afar by a meliai

Illustrated notes

Levels and vault maps discovered:
D:1:      dpeg_arrival_arbitrary_c, layout_basic,
          hellmonk_ecumenical_altar_arch_garden, minmay_misc_feat_roman
D:2:      layout_basic
D:3:      layout_loops_cross, uniq_sigmund, uniq_ijyb
D:4:      layout_basic, slow_altar_2, minmay_temple_entry_glassed_door
D:5:      layout_loops_ring, chequers_ossuary_entry_cave, st_stairs_3
D:6:      layout_basic, mainiacjoe_overflow_24_doors, hangedman_decor_lopped
D:7:      minmay_angry_zag, layout_basic, jmf_multi_god_temple,
          minmay_manual_monstrance, uniq_maggie
D:8:      layout_basic, kiku_gazebo_pond_becter, lemuel_crystal_altar,
          nicolae_ru_awakened_eye, serial_shops, nicolae_lakefront_shop,
          kennysheep_flooded_box
D:9:      layout_roguey, the_hattery, uniq_prince_ribbit1
D:10:     layout_long_grid, tso_metal_star, lair_entry_dummy,
          kennysheep_cluttered_room, hellmonk_guarded_unrand_frostbite
Lair:1:   layout_loops_ring, serial_bayou_shore_b, grunt_megastairs_3
Lair:2:   layout_cave_pods, lemuel_fruit_tree
Lair:3:   layout_long_grid, spider_nest_entry_rubble, serial_bayou_shore_a
Spider:1: gammafunk_boulding_lane

Skill      XL: |  1  2  3  4  5  6  7  8  9 10 11 |
---------------+----------------------------------+-----
Dodging        | 3 4 5 7 |  7.8
Axes           | 3 4 5 6 7 8 |  8.5
Armour         | 2 3 4 5 6 |  6.5
Stealth        | 1 2 3 4 |  4.1
Fighting       | 3 4 5 6 7 8 |  8.4
Polearms       | 3 6 7 |  7.8
Throwing       | |  1.8

Action                   |  1- 3 |  4- 6 |  7- 9 | 10-12 || total
-------------------------+-------+-------+-------+-------++-------
Melee: War axe           |    82 |   138 |   217 |     2 ||   439
       Punch             |     4 |     3 |     8 |       ||    15
       Glaive            |       |       |    50 |   265 ||   315
       Kick              |       |       |       |    13 ||    13
       Bite              |       |       |       |     7 ||     7
Invok: Slimify           |       |       |     1 |     3 ||     4
       Oozemancy         |       |       |     2 |     3 ||     5
  Use: Scroll            |     5 |     3 |     7 |     5 ||    20
       Potion            |       |       |     6 |     6 ||    12
 Stab: Distracted        |       |       |     1 |       ||     1
       Sleeping          |       |       |     2 |     4 ||     6
Armor: Leather armour    |    45 |       |       |       ||    45
       Ring mail         |       |    42 |    85 |       ||   127
       Acid dragon scale |       |       |    73 |   130 ||   203
       Skin              |       |       |       |    34 ||    34
Dodge: Dodged            |    74 |    95 |   315 |   422 ||   906
